 Dungeon Crawl Stone Soup version 0.30-a0-292-g0f741e3f8e (webtiles) character file.

Game seed: 6921393399238077621

231 mopl the Shooter (level 6, 0/38 HPs)
             Began as an Octopode Hexslinger on Oct 17, 2022.
             Was an Initiate of Okawaru.
             Succumbed to a scorpion's poison
             ... on level 5 of the Dungeon.
             The game lasted 00:05:58 (2452 turns).

mopl the Shooter (Octopode Hexslinger)              Turns: 2452, Time: 00:05:59

Health: 0/38       AC:  1    Str: 15    XL:     6   Next: 3%
Magic:  8/9        EV: 13    Int: 15    God:    Okawaru [......]
Gold:   244        SH:  0    Dex: 15    Spells: 5/9 levels left

rFire   . . .      SeeInvis .    b - +2 whip (elec)
rCold   . . .      Faith    .    (no shield)
rNeg    . . .      Spirit   .    (helmet restricted)
rPois   .          Reflect  .    (no amulet)
rElec   .          Harm     .    s - ring of wizardry
rCorr   .          Rampage  .    v - +6 ring of strength
Will    .....                    (no ring)
Stlth   ++........               (no ring)
HPRegen 0.26/turn                (no ring)
MPRegen 0.11/turn                (no ring)
                                 (no ring)
                                 (no ring)

@: lethally poisoned (0 -> -12), about to teleport
A: almost no armour, amphibious, 8 rings, camouflage 1, gelatinous body 1,
(nimble swimmer 1), tentacles
a: Renounce Religion


You were on level 5 of the Dungeon.
You worshipped Okawaru.
Okawaru was noncommittal.
You visited 2 branches of the dungeon, and saw 6 of its levels.

You collected 244 gold pieces.

Inventory:

Hand Weapons
 a - a +1 sling
 b - a +2 whip of electrocution (weapon)
Missiles
 h - a throwing net
 j - 9 poisoned darts
Armour
 u - an orb of guile
Jewellery
 s - a ring of wizardry (left tentacle)
 v - a +6 ring of strength (right tentacle)
Scrolls
 c - a scroll of enchant weapon {unknown}
 d - a scroll of poison
 e - a scroll of teleportation
 f - a scroll of immolation {unknown}
 g - a scroll of amnesia {unknown}
 i - a scroll of enchant armour {unknown}
 l - a scroll of summoning {unknown}
 n - 2 scrolls of torment {unknown}
 p - 2 scrolls of fear {unknown}
 q - a scroll of identify {unknown}
 r - a scroll of magic mapping {unknown}
 x - a scroll of blinking {unknown}
Potions
 k - a potion of invisibility
 m - a potion of curing
 o - a potion of heal wounds {unknown}
 t - a potion of flight {unknown}
 w - 2 potions of mutation {unknown}


   Skills:
 - Level 1.0 Fighting
 * Level 4.3 Ranged Weapons
 - Level 2.0 Dodging
 + Level 0.0 Stealth
 - Level 2.0 Spellcasting
 + Level 4.0 Hexes
 + Level 1.8 Fire Magic
 + Level 1.1 Invocations


You had 5 spell levels left.
You knew the following spells:

 Your Spells              Type           Power      Damage    Failure   Level
a - Slow                  Hex            52%        N/A       1%          1
h - Inner Flame           Hex/Fire       10%        N/A       9%          3

Your spell library contained the following spells:

 Spells                   Type           Power      Damage    Failure   Level
 Confusing Touch          Hex            13%        N/A       5%          3
 Kiss of Death            Conj/Necr      4%         2d5       9%          1
 Portal Projectile        Hex/Tloc       14%        N/A       12%         3
 Cigotuvi's Dreadful Rot  Necr/Pois/Air  2%         N/A       13%         2
 Poisonous Vapours        Pois/Air       2%         N/A       13%         2
 Cause Fear               Hex            6%         N/A       16%         4
 Kindle Blastsparks       Fire/Tloc/Air  6%         2d10      21%         3
 Mephitic Cloud           Conj/Pois/Air  1%         N/A       26%         3
 Fulminant Prism          Conj/Hex       3%         3d6       34%         4
 Dispel Undead            Necr           1%         3d6       61%         4
 Iskenderun's Mystic Bla  Conj/Tloc      1%         2d3       61%         4
 Lee's Rapid Deconstruct  Erth           0%         3d4*      91%         5


Dungeon Overview and Level Annotations

Branches:
Dungeon (5/15)             Temple (1/1) D:4

Altars:
Ashenzari
Elyvilon
Hepliaklqana
Okawaru
Qazlal
Sif Muna
Uskayaw
Yredelemnul

Annotations:
D:3 Grinder


Innate Abilities, Weirdness & Mutations

You cannot wear most types of armour.
You are amphibious.
You can wear up to eight rings at the same time.
Your skin changes colour to match your surroundings (Stealth+).
Your rubbery body absorbs attacks. (AC +1, EV +1)
((You are camouflaged when in or above water. (Stealth+)))
You have tentacles for arms and can constrict up to eight enemies at once.


Message History

Unknown command.
Casting: Slow (safe; 1% risk of failure)
Confirm with . or Enter, or press ? or * to list all spells.
Aiming: Slow (safe; 1% risk of failure)
Press: ? - help, Shift-Dir - straight line, f/p - ogre
Aim: an ogre, wielding a +0 giant spiked club (heavily wounded, chance to affect: 47%)
The ogre seems to slow down.
The ogre hits you with a +0 giant spiked club!
Unknown command.
The scorpion barely misses you. The scorpion attacks as you move away!
The scorpion closely misses you. The scorpion attacks as you move away!
The scorpion barely misses you. The scorpion attacks as you move away!
The scorpion barely misses you.
The ogre is no longer moving slowly.
The scorpion attacks as you move away! The scorpion stings you.
You are poisoned.
The scorpion poisons you!
You feel very sick. The scorpion stings you.
You feel sick.
You hear the crackle of electricity.
b - a +2 whip of electrocution (weapon)
You feel sick.
You hit the scorpion but do no damage. Your grab misses the scorpion.
You feel sick. The scorpion stings you.
* * * LOW HITPOINT WARNING * * *
The scorpion stings you.
* * * LOW HITPOINT WARNING * * *
It was a potion of curing.
You feel better. The scorpion stings you.
* * * LOW HITPOINT WARNING * * *
You aren't carrying any items that you can evoke.
As you read the scroll labelled PYUHOOGOSM, it crumbles to dust.
You feel strangely unstable.
It was a scroll of teleportation.
The scorpion stings you.
* * * LOW HITPOINT WARNING * * *
The scorpion stings you.
* * * LOW HITPOINT WARNING * * *
You are lethally poisoned!
The scorpion poisons you!
You die...

#.........# .##....
.#..# ....[... ...#
.......#..# ..? ...#
#.####.#####
#.sO......##
#.###......# #@#
#####..#
#.#######..####
#.<.....O.....#
.......#####..##.##.#
....... #...#.# #
....... ........
....... ###...#.##
....... ##.##.#
#.....# ### .#


You could see a scorpion.

Vanquished Creatures
  A scorpion (D:4)
  Jessica (D:2)
  5 gnolls
  2 adders
  A dart slug (D:3)
  An orc (D:4)
  7 ball pythons
  7 bats
  7 endoplasms
  A giant cockroach (D:1)
  9 goblins
  7 hobgoblins
  9 kobolds
  A quokka (D:1)
  8 frilled lizards
  4 rats
71 creatures vanquished.

Notes
Turn   | Place    | Note
-------+----------+-------------------------------------------
     0 | D:1      | mopl the Octopode Hexslinger began the quest for the Orb.
     0 | D:1      | Reached XP level 1. HP: 13/13 MP: 2/2
   138 | D:1      | Found a faded altar of an unknown god.
   154 | D:1      | Reached XP level 2. HP: 18/18 MP: 3/3
   315 | D:1      | Reached XP level 3. HP: 23/23 MP: 5/5
   491 | D:1      | Reached skill level 3 in Ranged Weapons
   741 | D:1      | Learned a level 3 spell: Inner Flame
   848 | D:2      | Noticed Jessica
   858 | D:2      | Killed Jessica
   859 | D:2      | Reached XP level 4. HP: 15/28 MP: 6/6
  1050 | D:2      | Found a white marble altar of Elyvilon.
  1141 | D:2      | Reached skill level 2 in Spellcasting
  1597 | D:3      | Reached skill level 1 in Fire Magic
  1766 | D:3      | Noticed Grinder
  1866 | D:4      | Found a stormy altar of Qazlal.
  1916 | D:4      | Reached XP level 5. HP: 27/33 MP: 8/8
  1944 | D:4      | Found a staircase to the Ecumenical Temple.
  1956 | Temple   | Entered the Ecumenical Temple
  1960 | Temple   | Became a worshipper of Warmaster Okawaru
  2152 | D:4      | Reached skill level 4 in Ranged Weapons
  2178 | D:4      | Found a shimmering blue altar of Sif Muna.
  2179 | D:4      | Found a basalt altar of Yredelemnul.
  2222 | D:4      | Reached skill level 4 in Hexes
  2222 | D:4      | Reached skill level 1 in Invocations
  2222 | D:4      | Reached XP level 6. HP: 38/38 MP: 9/9
  2407 | D:5      | Entered Level 5 of the Dungeon
  2452 | D:5      | Succumbed to a scorpion's poison

Illustrated notes

Levels and vault maps discovered:
D:1:      shiori_shiawase, layout_basic, hellmonk_ecumenical_altar_slurped_away
D:2:      layout_basic, basic_altar, dk_noncrumbling_3, uniq_jessica
D:3:      layout_basic, nicolae_wu_jian_glorious_leap,
          chequers_serial_rivers_micro_a, uniq_grinder, uniq_terence
D:4:      layout_gridville, nicolae_overflow_squiral, lemuel_crystal_altar,
          temple_hall
D:5:      layout_loops_corners, uniq_duvessa
Temple:   zaba_magenta_temple

Skill      XL: |  1  2  3  4  5 |
---------------+----------------+-----
Ranged Weapons | 3 4 |  4.3
Spellcasting   | 2 |  2.0
Fire Magic     | 1 |  1.8
Hexes          | 4 |  4.0
Invocations    | 1 |  1.1
Fighting       | |  1.0
Dodging        | |  2.0

Action                   |  1- 3 |  4- 6 || total
-------------------------+-------+-------++-------
Melee: Whip              |     4 |    12 ||    16
       Constrict         |     1 |     4 ||     5
       Tentacles         |     1 |     4 ||     5
 Fire: Sling             |    81 |   100 ||   181
 Cast: Slow              |     5 |     6 ||    11
  Use: Potion            |       |     2 ||     2
       Scroll            |       |     1 ||     1
 Stab: Invisible         |       |     2 ||     2
Armor: Skin              |     3 |     3 ||     6
Dodge: Dodged            |    16 |    53 ||    69

Table legend: (Time is in decaauts)
 A = Elapsed time spent in this place.
 B = Non-inter-level travel time spent in this place.
 C = Inter-level travel time spent in this place.
 D = Time resting spent in this place.
 E = Time spent auto-exploring this place.
 F = Levels seen in this place.
 G = Mean time per level.
                   A        B        C        D        E       F      G
               +--------+--------+--------+--------+--------+-----+--------+
         Total |   2490 |   2419 |     71 |    135 |   1772 |   6 |  415.0 |
       Dungeon |   2482 |   2411 |     71 |    135 |   1772 |   5 |  496.4 |
        Temple |      8 |      8 |      0 |      0 |      0 |   1 |    8.0 |
               +--------+--------+--------+--------+--------+-----+--------+

Top non-repeatable levels by time:
     D:2: 848 daAuts
     D:1: 764 daAuts
     D:4: 620 daAuts
     D:3: 203 daAuts
     D:5: 45 daAuts
  Temple: 8 daAuts
